 Dungeon Crawl Stone Soup version 0.24.0-13-gcf9b319 (webtiles) character file.

Game seed: 11457708117838931741, levelgen mode: deterministic

1017850 Chrisjfl the Conqueror (level 27, -6/294 (298) HPs)
             Began as a Tengu Gladiator on Dec 21, 2019.
             Was the Champion of Fedhas.
             Mangled by Antaeus
             ... wielding the +8 hand axe of Amimn {freeze, +Fly SInv}
              (12 damage)
             ... on level 7 of Cocytus on Mar 22, 2020.
             The game lasted 10:49:03 (111586 turns).

Chrisjfl the Conqueror (Tengu Gladiator)          Turns: 111586, Time: 10:49:04

HP:   -6/294 (298)  AC: 41    Str: 29    XL:     27
MP:   33/36         EV: 30    Int: 21    God:    Fedhas [******]
Gold: 3441          SH:  0    Dex: 21    Spells: 8/32 levels left

rFire    . . .     SeeInvis +   a - +9 triple sword (holy)
rCold    + + +     Gourm    .   (shield currently unavailable)
rNeg     + + +     Faith    .   j - +12 crystal plate armour
rPois    .         Spirit   .   M - +0 mask of the Dragon {MR+ Slay+3 SInv}
rElec    +         Reflect  .   L - +0 cloak "Ekiki" {rElec rN+++ Dex-5 SInv}
rCorr    .         Harm     .   i - +3 pair of gauntlets of War {Slay+5}
MR       ++++.                  (boots unavailable)
Stlth    ..........             V - amulet of Hyafiato {Acrobat rElec Str+3 Int+4}
HPRegen  0.59/turn              C - ring of protection from cold
MPRegen  0.25/turn              o - ring "Jagh" {rC++ MR+ Dex+6 Stlth+}

@: berserking, flying quickly and evasively, very quick
A: antennae 1, beak, talons 3, agile 1, clever 2, deformed body, MP-powered
wands, able to fly
}: 8/15 runes: barnacled, slimy, silver, iron, obsidian, bone, abyssal, gossamer
a: Stop Flying, Wall of Briars, Grow Ballistomycete, Overgrow, Grow Oklob,
Renounce Religion


You were on level 7 of Cocytus.
You worshipped Fedhas.
Fedhas was exalted by your worship.
You were hungry.

You visited 18 branches of the dungeon, and saw 88 of its levels.
You visited the Abyss 2 times.
You visited 2 bazaars.
You also visited: Gauntlet.

You collected 10777 gold pieces.
You spent 7336 gold pieces at shops.

Inventory:

Hand Weapons
 a - a +9 triple sword of holy wrath (weapon)
 b - the +8 demon blade "Leech" {vamp, rN+ AC-3 EV-3}
   (You found it on level 3 of the Crypt)

   It inflicts no extra harm, but heals its wielder when it wounds a living foe.
   It affects your AC (-3).
   It affects your evasion (-3).
   It protects you from negative energy.
 c - the +7 sceptre of Asmodeus
   (You took it off Asmodeus on level 7 of Gehenna)
Missiles
 d - 4 throwing nets
 g - 62 poisoned darts
 E - 10 boomerangs of dispersal
 Q - 9 atropa-tipped darts (quivered)
Armour
 i - the +3 pair of gauntlets of War (worn) {Slay+5}
   (You bought it in a shop in a bazaar)

   It affects your accuracy and damage with ranged weapons and melee attacks
   (+5).
 j - a +12 crystal plate armour (worn)
 B - the +3 warlock's mirror {reflect}
   (You found it in a Gauntlet)
 L - the +0 cloak "Ekiki" (worn) {rElec rN+++ Dex-5 SInv}
   (You found it on level 5 of the Pits of Slime)

   It affects your dexterity (-5).
   It insulates you from electricity.
   It renders you almost immune to negative energy.
   It lets you see invisible.
 M - the +0 mask of the Dragon (worn) {MR+ Slay+3 SInv}
   (You bought it in a shop on level 11 of the Dungeon)

   It affects your accuracy and damage with ranged weapons and melee attacks
   (+3).
   It affects your resistance to hostile enchantments.
   It lets you see invisible.
 T - a scarf of resistance
Jewellery
 o - the ring "Jagh" (right hand) {rC++ MR+ Dex+6 Stlth+}
   (You bought it in a shop on level 12 of the Dungeon)

   [ring of protection from magic]

   It affects your dexterity (+6).
   It greatly protects you from cold.
   It affects your resistance to hostile enchantments.
   It makes you more stealthy.
 p - the ring "Roerresch" {rElec rC+ MP+9 Str-4 Int+2}
   (You found it on level 1 of the Spider Nest)

   [ring of protection from cold]

   It affects your strength (-4).
   It affects your intelligence (+2).
   It protects you from cold.
   It insulates you from electricity.
   It affects your magic capacity (+9).
 u - an uncursed ring of resist corrosion
 x - an uncursed ring of protection from fire
 A - a +3 ring of slaying
 C - a ring of protection from cold (left hand)
 H - the amulet of Tiasmut {rElec rF+ Regen+}
   (You found it on level 3 of the Vaults)

   [amulet of regeneration]

   It protects you from fire.
   It insulates you from electricity.
   It increases your rate of regeneration.
 O - the ring of Yendor {+Fly rPois Str+4 Int-3 Dex+4}
   (You took it off an orc warrior on level 7 of the Dungeon)

   [ring of flight]

   It affects your strength (+4).
   It affects your intelligence (-3).
   It affects your dexterity (+4).
   It protects you from poison.
   It lets you fly.
 R - an uncursed ring of protection from fire
 V - the amulet of Hyafiato (around neck) {Acrobat rElec Str+3 Int+4}
   (You found it on level 5 of the Vaults)

   [amulet of the acrobat]

   It helps you evade while moving and waiting.
   It affects your strength (+3).
   It affects your intelligence (+4).
   It insulates you from electricity.
Wands
 h - a wand of digging (23)
 I - a wand of iceblast (70)
 K - a wand of disintegration (70)
 X - a wand of acid (2)
 Z - a wand of paralysis (27)
Scrolls
 k - 10 scrolls of identify
 l - 28 scrolls of remove curse
 r - 2 scrolls of brand weapon
 s - a scroll of summoning
 t - 8 scrolls of magic mapping
 v - 22 scrolls of teleportation
 D - 7 scrolls of fog
 J - 13 scrolls of fear
 N - 7 scrolls of vulnerability
 P - 5 scrolls of holy word
 S - a scroll of amnesia
Potions
 e - 7 potions of agility
 m - 12 potions of mutation
 n - a potion of haste
 q - 2 potions of might
 w - 4 potions of berserk rage
 z - 4 potions of curing
 F - 3 potions of invisibility
 U - 3 potions of magic
 Y - 3 potions of cancellation
Comestibles
 f - 74 rations
 G - 2 chunks of flesh


   Skills:
 O Level 27 Fighting
 - Level 24.0 Long Blades
   Level 3.0(4.7) Slings
 - Level 5.6(6.0) Throwing
 - Level 24.1 Armour
 - Level 26.1 Dodging
 - Level 7.2 Stealth
 - Level 13.0 Shields
 - Level 3.0 Spellcasting
 - Level 3.0 Hexes
 - Level 16.0 Summonings
 + Level 18.4 Translocations
 - Level 17.0 Invocations
 - Level 15.0 Evocations


You had 8 spell levels left.
You knew the following spells:

 Your Spells              Type           Power        Failure   Level  Hunger
a - Apportation           Tloc           ######       1%          1    None
b - Throw Icicle          Conj/Ice       #.......     100%        4    ####...
c - Confusing Touch       Hex            ###...       28%         1    None
d - Aura of Abjuration    Summ           ######....   3%          5    ######.
e - Blink                 Tloc           N/A          1%          2    ##.....
f - Lesser Beckoning      Tloc           ######....   1%          3    ###....
g - Controlled Blink      Tloc           N/A          97%         8    #######

Your spell library contained the following spells:

 Spells                   Type           Power        Failure   Level  Hunger
 Summon Small Mammal      Summ           ####         1%          1    None
 Call Imp                 Summ           ######..     1%          2    ##.....
 Call Canine Familiar     Summ           ######..     1%          3    ###....
 Gell's Gravitas          Tloc           ######....   1%          3    ###....
 Recall                   Summ/Tloc      N/A          1%          3    ###....
 Teleport Other           Tloc           ######..     1%          3    ###....
 Passage of Golubria      Tloc           N/A          1%          4    ####...
 Summon Forest            Summ/Tloc      ######....   2%          5    ######.
 Shroud of Golubria       Chrm/Tloc      #####.       3%          2    ##.....
 Portal Projectile        Hex/Tloc       #####.       3%          3    ###....
 Summon Demon             Summ           ######....   3%          5    ######.
 Summon Guardian Golem    Hex/Summ       #####...     6%          3    ###....
 Dispersal                Tloc           ######....   8%          6    #######
 Shadow Creatures         Summ           N/A          21%         6    #######
 Force Lance              Conj/Tloc      #####...     22%         4    ####...
 Corona                   Hex            ###....      28%         1    None
 Summon Ice Beast         Ice/Summ       #####...     34%         4    ####...
 Summon Lightning Spire   Summ/Air       #####...     34%         4    ####...
 Slow                     Hex            ###.....     38%         2    ##.....
 Summon Mana Viper        Hex/Summ       #####...     47%         5    ######.
 Malign Gateway           Summ/Tloc      ######....   56%         7    #######
 Ensorcelled Hibernation  Hex/Ice        #.....       61%         2    ##.....
 Confuse                  Hex            ###.....     63%         3    ###....
 Tukima's Dance           Hex            ###.....     63%         3    ###....
 Animate Skeleton         Necr           N/A          67%         1    None
 Beastly Appendage        Tmut           #.....       67%         1    None
 Flame Tongue             Conj/Fire      #....        67%         1    None
 Infusion                 Chrm           #...         67%         1    None
 Magic Dart               Conj           #...         67%         1    None
 Pain                     Necr           #...         67%         1    None
 Sandblast                Erth           #.....       67%         1    None
 Shock                    Conj/Air       #...         67%         1    None
 Sting                    Conj/Pois      #...         67%         1    None
 Monstrous Menagerie      Summ           ######....   75%         7    #######
 Summon Greater Demon     Summ           ######....   75%         7    #######
 Corpse Rot               Necr           N/A          82%         2    ##.....
 Passwall                 Tmut/Erth      #.......     82%         2    ##.....
 Poisonous Vapours        Pois/Air       #.....       82%         2    ##.....
 Searing Ray              Conj           #.....       82%         2    ##.....
 Song of Slaying          Chrm           #.......     82%         2    ##.....
 Sticks to Snakes         Tmut           #.......     82%         2    ##.....
 Sublimation of Blood     Necr           #.........   82%         2    ##.....
 Swiftness                Chrm/Air       #.......     82%         2    ##.....
 Throw Frost              Conj/Ice       #.....       82%         2    ##.....
 Dazzling Spray           Conj/Hex       #.....       83%         3    ###....
 Inner Flame              Hex/Fire       #.......     83%         3    ###....
 Spectral Weapon          Hex/Chrm       #.......     83%         3    ###....
 Cause Fear               Hex            ###.......   95%         4    ####...
 Conjure Flame            Conj/Fire      #.......     96%         3    ###....
 Mephitic Cloud           Conj/Pois/Air  #.......     96%         3    ###....
 Ozocubu's Armour         Chrm/Ice       #.......     96%         3    ###....
 Regeneration             Chrm/Necr      #.........   96%         3    ###....
 Spider Form              Tmut/Pois      #.........   96%         3    ###....
 Stone Arrow              Conj/Erth      #.....       96%         3    ###....
 Vampiric Draining        Necr           #.........   96%         3    ###....
 Disjunction              Tloc           ######....   97%         8    #######
 Leda's Liquefaction      Hex/Erth       #.........   99%         4    ####...
 Animate Dead             Necr           N/A          100%        4    ####...
 Ice Form                 Ice/Tmut       #.......     100%        4    ####...
 Olgreb's Toxic Radiance  Pois           #.......     100%        4    ####...
 Petrify                  Tmut/Erth      #.......     100%        4    ####...
 Agony                    Necr           #.......     100%        5    ######.
 Alistair's Intoxication  Tmut/Pois      #.......     100%        5    ######.
 Blade Hands              Tmut           #.........   100%        5    ######.
 Bolt of Draining         Conj/Necr      #.........   100%        5    ######.
 Bolt of Magma            Conj/Fire/Erth #.........   100%        5    ######.
 Borgnjor's Vile Clutch   Necr/Erth      #.........   100%        5    ######.
 Dispel Undead            Necr           #.......     100%        5    ######.
 Excruciating Wounds      Chrm/Necr      #.........   100%        5    ######.
 Irradiate                Conj/Tmut      #.........   100%        5    ######.
 Lee's Rapid Deconstruct  Erth           #.........   100%        5    ######.
 Lightning Bolt           Conj/Air       #.........   100%        5    ######.
 Metabolic Englaciation   Hex/Ice        #.........   100%        5    ######.
 Silence                  Hex/Air        #.........   100%        5    ######.
 Venom Bolt               Conj/Pois      #.........   100%        5    ######.
 Yara's Violent Unravell  Hex/Tmut       #.........   100%        5    ######.
 Bolt of Cold             Conj/Ice       #.........   100%        6    #######
 Conjure Ball Lightning   Conj/Air       #.........   100%        6    #######
 Darkness                 Hex            ###.......   100%        6    #######
 Death Channel            Necr           #.........   100%        6    #######
 Deflect Missiles         Chrm/Air       #.........   100%        6    #######
 Freezing Cloud           Conj/Ice/Air   #.........   100%        6    #######
 Hydra Form               Tmut           #.........   100%        6    #######
 Invisibility             Hex            ###.....     100%        6    #######
 Iron Shot                Conj/Erth      #.........   100%        6    #######
 Ozocubu's Refrigeration  Ice            #.........   100%        6    #######
 Simulacrum               Ice/Necr       #.........   100%        6    #######
 Statue Form              Tmut/Erth      #........    100%        6    #######
 Dragon Form              Tmut           #.........   100%        7    #######
 Haunt                    Necr/Summ      #####.....   100%        7    #######
 Ring of Flames           Chrm/Fire      #.........   100%        7    #######
 Spellforged Servitor     Conj/Summ      #####.....   100%        7    #######
 Borgnjor's Revivificati  Necr           #.........   100%        8    #######
 Death's Door             Chrm/Necr      #.........   100%        8    #######
 Discord                  Hex            ###.......   100%        8    #######
 Infestation              Necr           #.........   100%        8    #######
 Necromutation            Tmut/Necr      #.........   100%        8    #######
 Summon Horrible Things   Summ           ######....   100%        8    #######
 Dragon's Call            Summ           ######....   100%        9    #######
 Shatter                  Erth           #.........   100%        9    #######
 Tornado                  Air            #.........   100%        9    #######


Dungeon Overview and Level Annotations

Branches:
Dungeon (15/15)            Temple (1/1) D:7            Lair (6/6) D:11
 Shoals (4/4) Lair:4       Spider (4/4) Lair:2        Slime (5/5) Lair:5
    Orc (2/2) D:12            Elf (3/3) Orc:2        Vaults (5/5) D:14
  Crypt (3/3) Vaults:2       Tomb (2/3) Crypt:3      Depths (5/5) D:15
   Hell (visited)             Dis (7/7) Hell            Geh (7/7) Hell
    Coc (7/7) Hell            Tar (7/7) Hell            Zot (4/5) Depths:5
Gauntlet (visited)

Altars:
Ashenzari
Cheibriados
Dithmenos
Elyvilon
Fedhas
Gozag
Hepliaklqana
Kikubaaqudgha
Makhleb
Nemelex Xobeh
Okawaru
Qazlal
Ru
Sif Muna
Trog
Uskayaw
Vehumet
Wu Jian
Xom
Yredelemnul
Zin
The Shining One
Beogh
Jiyva

Shops:
D:11 *[?*   D:12 =   Orc:1 [   Orc:2 =[[(   Vaults:2 :   Vaults:3 (
Vaults:5 %?%   Depths:1 *

Portals:
Hell: Hell* Depths:1 Depths:2 Depths:3 Depths:4 Depths:5
Abyss: Depths:4
Pandemonium: Depths:1 Depths:3 Depths:4
Ziggurat: Depths:4

Annotations:
D:11 exclusion: 3 doors
Crypt:1 1 runed translucent door, rrossfarrar's ghost, veteran BaFi
Depths:3 xDrFeelgood's ghost, adept MiBe
Dis:7 Dispater
Coc:7 Antaeus


Innate Abilities, Weirdness & Mutations

You have a beak for a mouth.
You have claws for feet.
You can fly continuously.
You have a pair of small antennae on your head.
You are agile. (Dex +2)
Your mind is very acute. (Int +4)
Armour fits poorly on your strangely shaped body.
You expend magic power (3 MP) to strengthen your wands.


Message History

The bolt of cold hits you. You resist.
* * * LOW HITPOINT WARNING * * *
Unknown command.
Antaeus hisses, "Thy skull shall be my mouthful!"
You slice Antaeus like a ripe choko!!!
Antaeus convulses.
You claw Antaeus! Your peck misses Antaeus.
Antaeus is almost dead.
The ice encasing you melts away.
The stone giant skeleton hits you but does no damage.
Antaeus hits you with the +8 hand axe of Amimn {freeze, +Fly SInv}!!
* * * LOW HITPOINT WARNING * * *
Antaeus freezes you! You resist.
* * * LOW HITPOINT WARNING * * *
Antaeus freezes you.
* * * LOW HITPOINT WARNING * * *
Antaeus hits you with the +8 hand axe of Amimn {freeze, +Fly SInv}!
* * * LOW HITPOINT WARNING * * *
Antaeus freezes you! You resist.
You die...
Fedhas appreciates your contribution to the ecosystem.

###########
######
≈≈≈≈≈≈≈≈≈≈#
#≈≈≈≈≈
≈≈≈≈≈≈≈≈≈≈##
#≈≈≈≈≈
≈≈≈≈≈≈≈≈≈≈≈#
#≈≈≈≈≈
≈≈≈...≈≈≈≈≈##
#≈≈≈≈≈
≈≈≈....≈≈≈≈≈#
≈≈≈≈≈≈
≈≈....Z.○≈≈≈#
≈≈≈≈≈≈
≈≈....C@.≈≈≈##
≈≈≈≈≈.
≈..##1##..≈≈≈#
≈≈≈≈.. #${
##..≈≈# ≈≈≈≈..
#≈ #$ #..≈≈#
≈≈≈≈.. #≈. #
{#..≈≈# ≈≈≈≈≈.
#≈.. { #..≈≈#
≈≈≈≈≈≈ #≈..#
##..≈≈# ≈≈≈≈≈≈
#≈≈..#####..≈≈≈#
≈≈≈≈≈≈
#≈≈≈........≈≈≈#
≈≈≈≈≈≈


You could see Antaeus, an Ice Fiend and a stone giant skeleton.

Vanquished Creatures
  Asmodeus (Geh:7)
  the Royal Jelly (Slime:5)
  Dissolution (Slime:2)
  Ereshkigal (Tar:7)
  the Serpent of Hell (Tar:7)
  An orb of fire (Zot:1)
  Mara (Depths:1)
  A juggernaut (Depths:3)
  6 ancient liches
  2 greater mummies (Tomb:1)
  Boris (twice) (Crypt:2 Tomb:2)
  11 shard shrikes
  Saint Roka (Depths:2)
  Margery (Vaults:2)
  Frederick (Depths:3)
  A caustic shrike (Depths:3)
  3 curse toes
  7 golden dragons
  Geryon (Hell)
  Nikola (Depths:1)
  A profane servitor (Crypt:3)
  17 bone dragons
  Jory (Crypt:3)
  24 Tzitzimimeh
  18 doom hounds
  4 iron giants (Dis:7)
  The ghost of grimtooth the Markscentaur, an adept CeHu of Okawaru (Vaults:3)
  21 tentacled monstrosities
  16 liches
  17 Brimstone Fiends
  The ghost of Fang the Tortoise, an adept GrFi of Trog (Vaults:3)
  5 Hell Sentinels (Dis:7)
  A deep elf master archer (Elf:3)
  11 Ice Fiends
  The ghost of Wodei the Impaler, an adept DgAE (Vaults:3)
  Asterion (Depths:1)
  2 deep elf blademasters (Elf:3)
  A titan (Vaults:5)
  10 quicksilver dragons
  11 sphinxes
  25 acid blobs
  An Executioner (Geh:5)
  Polyphemus (Shoals:4)
  7 ancient champions
  An eldritch tentacle (Tar:1)
  A tentacled starspawn (Abyss:2)
  A death cob (Zot:3)
  28 shadow dragons
  8 tengu reavers
  8 storm dragons
  2 revenants
  11 fire giants
  12 azure jellies
  6 draconian monks
  A draconian knight (Zot:1)
  2 orc warlords
  7 emperor scorpions
  11 frost giants
  4 ghost moths
  An iron dragon (Dis:7)
  12 vault wardens
  15 balrugs
  4 draconian shifters
  3 deep elf sorcerers
  A curse skull (Crypt:2)
  4 draconian scorchers
  A spectral caustic shrike (Depths:3)
  2 spriggan defenders (Depths:4)
  4 draconian annihilators
  4 deep elf elementalists
  15 ironheart preservers
  3 ghouls
  A juggernaut skeleton (Crypt:1)
  4 elemental wellsprings
  17 stone giants
  55 reapers
  17 war gargoyles
  27 very ugly things
  6 entropy weavers
  A lorocyproca (Hell)
  Nessos (Lair:6)
  11 black draconians
  An entropy weaver (shapeshifter) (Depths:3)
  9 green draconians
  6 vampire knights
  5 deep elf annihilators
  10 deep elf demonologists
  2 bennus (Tomb:1)
  6 yellow draconians
  The ghost of quinnr the Cruncher, a journeyman DsGl of Yredelemnul (Lair:6)
  A dire elephant (Lair:6)
  A starcursed mass (Abyss:2)
  7 white draconians
  7 spark wasps
  5 red draconians
  14 purple draconians
  6 eidola
  The ghost of reativica the Archer, a journeyman CeHu of Fedhas (Spider:1)
  A minotaur (Gauntlet)
  6 blizzard demons
  2 green deaths
  3 merfolk javelineers
  16 ettins
  4 mummy priests (Tomb:1)
  9 merfolk impalers
  11 deep elf death magi
  A kraken zombie (Coc:5)
  10 crystal guardians
  10 fire dragons
  7 quicksilver dragon zombies
  8 death oozes
  20 jiangshi
  15 ogre magi
  14 yaktaur captains
  6 deep elf high priests
  25 ice dragons
  The ghost of colesbury the Fighter, a journeyman DrIE of Vehumet (Lair:3)
  Erolcha (D:12)
  18 great orbs of eyes
  Harold (D:7)
  33 vault guards
  The ghost of Ennyili the Archer, a journeyman CeHu of Ru (D:14)
  2 caustic shrike simulacra (Depths:3)
  5 rakshasas
  11 quicksilver dragon skeletons
  A catoblepas (Shoals:3)
  7 hydras
  6 spriggan air magi
  10 centaur warriors
  3 alligator snapping turtles
  3 ghost crabs
  A merfolk avatar (Shoals:1)
  2 anacondas (shapeshifter)
  A two-headed ogre (shapeshifter) (Depths:3)
  A death yak (shapeshifter) (Depths:2)
  A satyr (Shoals:4)
  An ice dragon (shapeshifter) (Depths:2)
  A queen ant (Spider:1)
  38 dancing weapons
  5 tengu warriors
  3 merfolk aquamancers
  4 death scarabs
  A queen ant (shapeshifter) (Depths:2)
  10 death knights
  41 two-headed ogres
  7 deep troll shamans
  6 vampire magi
  6 death yaks
  35 hell hogs
  7 titan zombies
  5 thrashing horrors
  4 iron golems
  2 orc high priests (Orc:2)
  18 deep elf knights
  9 deep troll earth magi
  5 spriggan berserkers
  9 storm dragon zombies
  A shock serpent (shapeshifter) (Depths:5)
  22 sun demons
  25 soul eaters
  7 large abominations
  A wretched star (Abyss:3)
  44 hell knights
  8 titan skeletons
  A fire crab (shapeshifter) (Depths:5)
  2 fire crabs
  2 sixfirhies (Abyss:2)
  173 skeletal warriors
  6 golden dragon zombies
  15 shadow wraiths
  A spatial maelstrom (Abyss:2)
  4 unseen horrors
  A storm dragon skeleton (Tar:4)
  6 iron trolls (Dis:7)
  An unseen horror (shapeshifter) (Depths:3)
  23 deep trolls
  3 ghost moth zombies
  A sea snake (shapeshifter) (Depths:4)
  17 sea snakes
  16 anaconda zombies
  A glowing orange brain (shapeshifter) (Depths:2)
  6 wizards
  A golden dragon skeleton (Tar:2)
  6 obsidian statues
  23 shadow demons
  A swamp dragon (shapeshifter) (Depths:3)
  18 deep elf archers
  9 glowing orange brains
  10 shadow dragon zombies
  16 harpies
  15 ironbrand convokers
  18 flayed ghosts
  A lindwurm (Lair:6)
  10 orc knights
  A deep troll (shapeshifter) (Vaults:5)
  17 phantasmal warriors
  A spectral wolf spider (Crypt:3)
  A lindwurm (shapeshifter) (Depths:3)
  10 wolf spider zombies
  5 anaconda skeletons
  22 necromancers
  6 stone giant zombies
  A harpy (shapeshifter) (Depths:4)
  29 wolf spiders
  A cyclops (shapeshifter) (Depths:2)
  13 orb spiders
  2 mana vipers
  59 deep elf magi
  2 shining eyes
  3 fire giant zombies
  A sphinx skeleton (Crypt:1)
  5 iron dragon zombies
  9 orc sorcerers
  5 iron dragon skeletons
  24 moths of wrath
  42 ugly things
  13 manticores
  5 frost giant zombies
  7 shadow dragon skeletons
  10 cyclopes
  A worldbinder (Abyss:4)
  A moth of wrath (shapeshifter) (Vaults:4)
  31 rust devils
  A salamander (shapeshifter) (Depths:3)
  3 frost giant skeletons
  2 elephants (shapeshifter)
  2 elephants
  6 fire giant skeletons
  A black mamba (shapeshifter) (Vaults:3)
  8 smoke demons
  4 stone giant skeletons
  A storm dragon simulacrum (Crypt:1)
  An alligator snapping turtle zombie (Crypt:1)
  16 vault sentinels
  17 molten gargoyles
  An apocalypse crab (Abyss:3)
  9 merfolk sirens
  2 eyes of devastation
  5 water nymphs
  9 centaur skeletons
  3 shock serpent zombies
  6 dire elephant zombies
  A centaur zombie (D:12)
  2 shock serpent skeletons
  3 gargoyles
  An ice statue (Coc:7)
  A titan simulacrum (Coc:4)
  3 torpor snails
  7 black mambas
  A catoblepas zombie (Geh:2)
  A torpor snail (shapeshifter) (Depths:1)
  7 spiny frogs
  2 naga magi (D:15)
  An orange demon (Hell)
  5 emperor scorpion zombies
  2 rime drakes (Lair:6)
  5 spectral swamp worms (Depths:4)
  A kobold demonologist (D:11)
  2 minotaur zombies
  7 komodo dragons
  6 dire elephant skeletons
  26 yaktaurs
  A golden dragon simulacrum (Coc:7)
  30 hellions
  40 ice devils
  3 efreet
  33 freezing wraiths
  37 tormentors
  2 anaconda simulacra
  3 ancient zymes
  10 demonic crawlers
  26 hydra zombies
  A meliai (shapeshifter) (Depths:1)
  3 queen bees (shapeshifter)
  4 silent spectres
  A catoblepas skeleton (Geh:6)
  8 harpy zombies
  A tengu conjurer (Depths:3)
  9 guardian mummies (Tomb:1)
  26 merfolk
  34 red devils
  2 minotaur skeletons
  A blink frog (shapeshifter) (Depths:3)
  A queen bee (D:13)
  24 jumping spiders
  9 wind drakes
  11 hornets
  2 harpy skeletons
  A shadow dragon simulacrum (Vaults:4)
  A hornet (shapeshifter) (D:15)
  9 polar bears
  7 trolls
  A fire giant simulacrum (Coc:4)
  5 meliai
  64 slime creatures
  16 snapping turtles
  8 alligator zombies
  6 bog bodies (Coc:7)
  8 hydra skeletons
  2 stone giant simulacra
  Grinder (D:5)
  11 dream sheep
  12 raiju
  3 ettin zombies
  8 fire dragon zombies
  7 ice dragon zombies
  12 hippogriffs
  A meliai zombie (D:15)
  16 blink frogs
  A redback (shapeshifter) (Depths:3)
  7 air elementals
  4 alligator skeletons
  A black mamba zombie (Dis:2)
  10 ettin skeletons
  51 redbacks
  7 spriggans
  4 fire dragon skeletons
  192 flying skulls
  44 shadows
  24 tarantellas
  2 centaur simulacra
  46 wraiths
  3 spriggans (shapeshifter)
  4 ice dragon skeletons
  2 tarantellas (shapeshifter)
  3 vampires
  42 fire elementals
  12 small abominations
  37 water elementals
  2 humans (shapeshifter)
  22 yaks
  A yak (shapeshifter) (D:15)
  6 fire bats
  6 wyverns
  2 ynoxinuls
  2 black mamba skeletons
  A hog (shapeshifter) (Vaults:4)
  6 basilisks
  5 chaos spawn
  2 ushabtiu (Tomb:1)
  2 golden eyes (shapeshifter)
  10 golden eyes
  7 hungry ghosts
  A human simulacrum (Vaults:5)
  3 neqoxecs
  23 soldier ants
  9 wargs
  2 acid dragons
  4 insubstantial wisps (Depths:2)
  A hydra simulacrum (Coc:1)
  11 water moccasins
  3 floating eyes (shapeshifter)
  71 hell hounds
  A merfolk skeleton (Geh:1)
  A water moccasin (shapeshifter) (Depths:5)
  7 spiny frog zombies
  2 floating eyes (D:15)
  A deep troll skeleton (Crypt:2)
  10 human zombies
  13 porcupines
  11 ice beasts
  An infernal demonspawn skeleton (Tar:4)
  7 phantoms
  A swamp dragon zombie (Geh:6)
  2 ice beasts (shapeshifter)
  A spiny frog skeleton (Coc:3)
  2 ettin simulacra
  An elephant zombie (Crypt:1)
  45 orc warriors
  Purgy (D:3)
  14 black bears
  A black bear (shapeshifter) (Depths:3)
  2 eyes of draining (shapeshifter) (Depths:3)
  A hornet zombie (D:7)
  10 sky beasts
  24 necrophages
  4 snapping turtle zombies
  7 eyes of draining
  6 boggarts
  2 manticore zombies
  50 ogres
  A wolf (shapeshifter) (Depths:1)
  5 snapping turtle skeletons
  A swamp dragon skeleton (Geh:6)
  27 centaurs
  17 wolves
  12 crocodiles
  A manticore skeleton (Geh:1)
  6 big kobolds
  2 big kobolds (shapeshifter) (Depths:2)
  An octopode zombie (Crypt:2)
  19 bullfrogs
  8 earth elementals
  2 wyvern zombies
  A draconian skeleton (Crypt:2)
  2 human skeletons (Vaults:4)
  An ogre simulacrum (Vaults:1)
  A spiny frog simulacrum (Coc:2)
  An elf skeleton (Geh:2)
  A scorpion (shapeshifter) (Depths:2)
  2 wyvern skeletons
  5 scorpions
  25 killer bees
  A snapping turtle simulacrum (Coc:2)
  An elf simulacrum (Vaults:5)
  A spriggan zombie (Geh:7)
  A manticore simulacrum (Crypt:3)
  A killer bee (shapeshifter) (Depths:2)
  88 wights
  A howler monkey (D:6)
  An electric eel (Spider:2)
  25 crimson imps
  6 hounds
  13 jellies
  3 bullfrog zombies
  A gnoll shaman (D:5)
  30 orc priests
  29 orc wizards
  2 quasits
  A black bear zombie (Crypt:2)
  6 bullfrog skeletons
  18 iron imps
  A worker ant (shapeshifter) (Depths:2)
  Terence (D:2)
  7 hell rats (Hell)
  An iguana (D:4)
  Natasha (thrice) (D:3)
  29 worker ants
  A tengu zombie (Geh:7)
  An ogre zombie (Tomb:1)
  A tengu skeleton (Tar:3)
  A hound zombie (D:7)
  A naga zombie (Coc:4)
  2 ogre skeletons
  4 hound skeletons
  12 mummies
  A worker ant zombie (D:7)
  Robin (D:4)
  8 gnolls
  A howler monkey skeleton (D:11)
  6 adders
  22 shadow imps
  21 white imps
  2 ufetubi
  8 oozes
  An adder zombie (D:8)
  An adder skeleton (D:9)
  A halfling skeleton (Crypt:1)
  4 worms
  12 dart slugs
  9 leopard geckos
  131 orcs
  A ball python (D:3)
  7 giant cockroaches
  16 hobgoblins
  8 jackals
  26 kobolds
  5 quokkas
  10 bats
  6 frilled lizards
  15 goblins
  A jackal skeleton (D:2)
  A jackal zombie (D:8)
  A kobold zombie (Dis:4)
  An orc skeleton (Crypt:2)
  2 orc zombies
  A quokka skeleton (D:7)
  5 rats
  23 ballistomycete spores
  2 starspawn tentacles (Abyss:2)
4396 creatures vanquished.

Vanquished Creatures (collateral kills)
  A lich (Tar:7)
  Jorgrun (Spider:3)
  A deep elf master archer (Elf:3)
  A shadow dragon (Vaults:5)
  A deep elf elementalist (Elf:3)
  A deep elf demonologist (Elf:3)
  A deep elf death mage (Vaults:5)
  A yaktaur captain (Vaults:5)
  2 deep elf high priests
  2 vault guards (Vaults:4)
  An ogre mage (Vaults:5)
  A two-headed ogre (Vaults:5)
  2 hell knights (Vaults:2)
  A skeletal warrior (Crypt:1)
  A deep elf archer (Elf:3)
  An orb spider (Spider:4)
  A black mamba (Lair:6)
  A polar bear (Lair:6)
  A porcupine (Lair:4)
  An ogre (D:15)
  90 ballistomycete spores
113 creatures vanquished.

Vanquished Creatures (others)
  An eldritch tentacle (Geh:5)
  A fire giant (Geh:7)
  2 war gargoyles
  An ironheart preserver (Vaults:5)
  A very ugly thing (Depths:3)
  4 centaur warriors
  2 hell hogs
  A necromancer (Geh:3)
  A wolf spider (Spider:2)
  An ugly thing (Depths:1)
  An iron dragon zombie (Geh:7)
  3 oklob plants
  An elephant (Lair:6)
  A merfolk siren (Shoals:1)
  A spiny frog (Lair:4)
  A dire elephant skeleton (Geh:7)
  A hellion (Geh:7)
  3 yaktaurs
  A hornet (shapeshifter) (Depths:4)
  A flying skull (Geh:1)
  A shadow (Geh:6)
  An air elemental (Depths:2)
  A water moccasin (Lair:4)
  A necrophage (Geh:3)
  5 centaurs
  A crocodile (Lair:4)
  2 wights
  An orc priest (Depths:2)
  A human skeleton (Geh:6)
  A mummy (Tomb:2)
  A white imp (Coc:7)
  13 ball lightnings (Depths:2)
  3 orcs
  A kobold skeleton (Geh:6)
  10 ballistomycete spores
  22 bushes
  A demonic plant (Abyss:3)
  17 fungi
  48 plants
  3 starspawn tentacles
163 creatures vanquished.

Grand Total: 4672 creatures vanquished

Notes
Turn   | Place    | Note
-------+----------+-------------------------------------------
     0 | D:1      | Chrisjfl the Tengu Gladiator began the quest for the Orb.
     0 | D:1      | Reached XP level 1. HP: 12/12 MP: 2/2
   173 | D:1      | Reached XP level 2. HP: 12/17 MP: 3/3
   556 | D:1      | Reached XP level 3. HP: 17/21 MP: 4/4
   914 | D:2      | Reached skill level 5 in Long Blades
  1016 | D:2      | Reached XP level 4. HP: 25/26 MP: 5/5
  1489 | D:3      | Noticed Terence
  1497 | D:3      | Noticed Natasha
  1516 | D:2      | Killed Terence
  1747 | D:3      | Gained mutation: You can fly continuously. [Tengu growth]
  1747 | D:3      | Reached XP level 5. HP: 30/30 MP: 6/6
  2286 | D:3      | Reached XP level 6. HP: 10/35 MP: 7/7
  2556 | D:3      | Noticed Purgy
  2569 | D:3      | Killed Purgy
  2790 | D:3      | Reached XP level 7. HP: 40/40 MP: 8/8
  2870 | D:3      | Killed Natasha
  3183 | D:3      | Noticed Natasha
  3191 | D:3      | Killed Natasha
  3519 | D:3      | Noticed Natasha
  3538 | D:3      | Killed Natasha
  3591 | D:4      | Noticed Robin
  3617 | D:4      | Killed Robin
  3998 | D:4      | Reached skill level 5 in Dodging
  4061 | D:4      | Reached skill level 1 in Armour
  4061 | D:4      | Reached XP level 8. HP: 44/44 MP: 9/9
  4230 | D:4      | Got an encrusted leather armour
  4522 | D:5      | Entered Level 5 of the Dungeon
  4995 | D:5      | Noticed Grinder
  5003 | D:5      | Killed Grinder
  5209 | D:6      | Identified the +4 leather armour of Fusino {+Inv rF+} (You
                  | found it on level 4 of the Dungeon)
  6021 | D:6      | Reached XP level 9. HP: 43/48 MP: 10/10
  6048 | D:6      | Reached skill level 1 in Stealth
  6048 | D:6      | Reached skill level 1 in Evocations
  6138 | D:7      | Found a staircase to the Ecumenical Temple.
  6157 | Temple   | Entered the Ecumenical Temple
  6315 | Temple   | Became a worshipper of Fedhas Madash
  6389 | D:7      | Identified the Catalogue of Experimentation
  6393 | D:7      | Learned a level 1 spell: Apportation
  6398 | D:7      | Learned a level 4 spell: Throw Icicle
  6568 | D:7      | Found an ornate altar of the Wu Jian Council.
  6605 | D:7      | Noticed Harold
  6926 | D:7      | Killed Harold
  7114 | D:7      | Reached * piety under Fedhas
  7178 | D:7      | Reached XP level 10. HP: 44/54 MP: 12/14
  7275 | D:7      | Reached skill level 3 in Fighting
  7415 | D:7      | Found an opulent altar of Gozag.
  7444 | D:7      | Found a white marble altar of Elyvilon.
  7519 | D:7      | Reached skill level 4 in Fighting
  7549 | D:7      | Found a glowing golden altar of the Shining One.
  7549 | D:7      | Found a sparkling altar of Nemelex Xobeh.
  7591 | D:7      | Identified the ring of Yendor {+Fly rPois Str+4 Int-3
                  | Dex+4}
  7762 | D:7      | Reached skill level 5 in Fighting
  7839 | D:7      | Noticed a two-headed ogre
  7885 | D:7      | Reached ** piety under Fedhas
  7943 | D:7      | Found the +0 Maxwell's etheric cage {RegenMP+ *Contam rElec
                  | MP+4}
  7958 | D:7      | Reached skill level 1 in Translocations
  7958 | D:7      | Reached skill level 1 in Invocations
  8382 | D:7      | Killed a two-headed ogre
  9351 | D:8      | You are sucked into a shaft and drop 3 floors!
  9351 | D:11     | Found Masuoghez's Magic Scroll Shop.
  9361 | D:11     | Noticed a manticore
  9365 | D:11     | Found a staircase to the Lair.
  9378 | D:11     | Noticed a two-headed ogre
  9392 | D:11     | Found Zikhlocit's General Store.
  9397 | D:11     | Noticed a kobold demonologist
  9399 | D:11     | Noticed a sun demon
  9429 | D:11     | Noticed a green ugly thing
  9430 | D:11     | Found a flickering gateway to a bazaar.
  9439 | Bazaar   | Entered a bazaar
  9456 | Bazaar   | Found Xeiryh's Distillery.
  9456 | Bazaar   | Found Dyghasir's Antique Armour Shoppe.
  9477 | Bazaar   | Found Eseopiro's Armour Shoppe.
  9492 | Bazaar   | Found Qimu's Antique Weapon Emporium.
  9492 | Bazaar   | Found Unasats's Antique Weapon Shoppe.
  9600 | Bazaar   | Bought a pair of spiked gloves for 266 gold pieces
  9606 | Bazaar   | Bought a potion of berserk rage for 70 gold pieces
  9611 | Bazaar   | Identified the +2 pair of gloves of Dice, Bag, and Bottle
                  | {MR+} (You bought it in a shop in a bazaar)
  9625 | Bazaar   | Bought a +0 cloak of poison resistance for 68 gold pieces
  9645 | Bazaar   | Bought a potion of heal wounds for 70 gold pieces
  9645 | Bazaar   | Bought a potion of curing for 42 gold pieces
  9725 | D:11     | Found Zuel's General Store.
  9727 | D:10     | Entered Level 10 of the Dungeon
  9959 | D:9      | Reached skill level 1 in Slings
  9997 | D:9      | You are sucked into a shaft and drop 3 floors!
 10031 | D:12     | Noticed a cyclops
 10048 | D:12     | Noticed a purple ugly thing
 10063 | D:12     | Found a staircase to the Orcish Mines.
 10092 | D:12     | Noticed a purple ugly thing
 10093 | D:12     | Noticed a gargoyle
 10312 | D:9      | Reached XP level 11. HP: 61/63 MP: 15/15
 10318 | D:9      | Reached *** piety under Fedhas
 10890 | D:8      | Identified a scroll of acquirement
 11504 | D:9      | Found a hazy altar of Hepliaklqana.
 11774 | D:10     | Reached **** piety under Fedhas
 12052 | D:10     | Reached skill level 5 in Evocations
 12651 | D:11     | Noticed a two-headed ogre
 12682 | D:11     | Killed a two-headed ogre
 12814 | D:11     | Killed a two-headed ogre
 12867 | D:11     | Found Jumyuxip's Antique Armour Shoppe.
 13073 | D:11     | Bought a scroll of fear for 49 gold pieces
 13138 | D:11     | Killed a manticore
 13138 | D:11     | Reached skill level 6 in Fighting
 13319 | D:11     | Noticed a brown ugly thing
 13327 | D:11     | Noticed a cyclops
 13393 | D:11     | Reached ***** piety under Fedhas
 13433 | D:11     | Noticed a cyclops
 13448 | D:11     | Reached skill level 7 in Fighting
 13530 | D:11     | Identified the +2 robe "Jyapli" {+Fly Dex+3} (You found it
                  | on level 11 of the Dungeon)
 13681 | D:11     | Killed a cyclops
 13681 | D:11     | Reached XP level 12. HP: 72/72 MP: 16/18
 13916 | Lair:1   | Entered Level 1 of the Lair of Beasts
 13985 | Lair:1   | Reached skill level 8 in Fighting
 13985 | Lair:1   | Reached skill level 5 in Stealth
 15015 | Lair:2   | Found a hole to the Spider Nest.
 15097 | Lair:2   | Noticed an eight-headed hydra
 15117 | Lair:2   | Killed a six-headed hydra
 15148 | Lair:2   | You are sucked into a shaft and drop 1 floor!
 15470 | Lair:2   | Noticed an eight-headed hydra
 15474 | Lair:2   | Killed a five-headed hydra
 15604 | Lair:2   | Reached skill level 10 in Dodging
 15975 | Lair:3   | Found a runed translucent door.
 15976 | Lair:3   | Found a shimmering altar of Xom.
 15976 | Lair:3   | Noticed colesbury's ghost (journeyman DrIE)
 16157 | Lair:3   | Noticed a seven-headed hydra
 16211 | Lair:3   | Killed a six-headed hydra
 16211 | Lair:3   | Reached skill level 1 in Spellcasting
 16211 | Lair:3   | Reached XP level 13. HP: 78/78 MP: 19/19
 16688 | Lair:4   | You are sucked into a shaft and drop 2 floors!
 16688 | Lair:6   | Entered Level 6 of the Lair of Beasts
 16896 | Lair:4   | Found a staircase to the Shoals.
 17193 | Lair:4   | Reached skill level 5 in Invocations
 17219 | Lair:4   | Noticed a fire dragon
 17254 | Lair:4   | Killed a fire dragon
 17672 | Lair:5   | Found a runed translucent door.
 17672 | Lair:5   | Found a viscous altar of Jiyva.
 17716 | Lair:5   | Found a staircase to the Slime Pits.
 18048 | Lair:6   | Found a transporter.
 18052 | Lair:6   | Found a bloodstained altar of Trog.
 18052 | Lair:6   | Identified the +2 spear "Kucsi" {freeze, MR++ Dex+2}
 18052 | Lair:6   | Noticed quinnr's ghost (journeyman DsGl)
 18157 | Lair:6   | Reached skill level 9 in Fighting
 18165 | Lair:6   | Found a transporter.
 18398 | Lair:6   | Noticed Nessos
 18657 | Lair:6   | Reached ****** piety under Fedhas
 18657 | Lair:6   | Reached skill level 10 in Fighting
 18808 | Lair:6   | Noticed a dire elephant
 19064 | D:12     | Noticed Erolcha
 19140 | D:12     | Killed Erolcha
 19140 | D:12     | Reached skill level 11 in Fighting
 19140 | D:12     | Reached XP level 14. HP: 90/90 MP: 20/20
 19440 | D:12     | Found Utegad's Jewellery Boutique.
 19814 | Orc:1    | Entered Level 1 of the Orcish Mines
 19856 | Orc:1    | Found a roughly hewn altar of Beogh.
 19998 | Orc:1    | Found Nefiab's Armour Boutique.
 20175 | D:11     | Bought the +0 mask of the Dragon {MR+ Slay+3 SInv} for 935
                  | gold pieces
 20175 | D:11     | Found the +0 mask of the Dragon {MR+ Slay+3 SInv}
 20688 | Orc:2    | Entered Level 2 of the Orcish Mines
 20770 | Orc:2    | Reached skill level 12 in Fighting
 20936 | Orc:2    | Found a roughly hewn altar of Beogh.
 20962 | Orc:2    | Found Setar's Armour Emporium.
 21118 | Orc:2    | Found a roughly hewn altar of Beogh.
 21154 | Orc:2    | Found a roughly hewn altar of Beogh.
 21161 | Orc:2    | Found Juva's Jewellery Emporium.
 21213 | Orc:2    | Found a staircase to the Elven Halls.
 21484 | Orc:2    | Noticed an orc warlord
 21520 | Orc:2    | Reached skill level 5 in Armour
 21562 | Orc:2    | Killed an orc warlord
 21795 | Orc:2    | Found Elug's Antique Armour Emporium.
 21795 | Orc:2    | Found a roughly hewn altar of Beogh.
 21801 | Orc:2    | Found Gaer's Antique Weapon Shoppe.
 22017 | Orc:2    | Bought a pair of ichor-stained gloves for 313 gold pieces
 22017 | Orc:2    | Identified the +2 pair of gloves of Misanthropy {-Cast rF+
                  | rCorr Dex+4} (You bought it in a shop on level 2 of the
                  | Orcish Mines)
 22118 | D:11     | Bought a scroll of identify for 28 gold pieces
 24268 | D:12     | Learned a level 1 spell: Confusing Touch
 24361 | Spider:1 | Entered Level 1 of the Spider Nest
 24650 | Lair:6   | Reached skill level 1 in Hexes
 24729 | Lair:6   | Killed Nessos
 24983 | Lair:6   | Killed a dire elephant
 25031 | Lair:6   | Reached XP level 15. HP: 77/96 MP: 22/22
 26156 | Lair:6   | Reached skill level 10 in Invocations
 27048 | Spider:1 | Noticed an emperor scorpion
 27715 | Spider:1 | Found a runed translucent door.
 27722 | Spider:1 | Noticed reativica's ghost (journeyman CeHu)
 27730 | Spider:1 | Killed reativica's ghost
 27737 | Spider:1 | Identified the ring "Roerresch" {rElec rC+ MP+9 Str-4
                  | Int+2} (You found it on level 1 of the Spider Nest)
 27832 | Spider:1 | You are sucked into a shaft and drop 1 floor!
 29431 | Spider:3 | Noticed Jorgrun
 29436 | Spider:3 | Reached XP level 16. HP: 101/101 MP: 24/24
 29519 | Spider:3 | Killed Jorgrun
 29904 | Spider:3 | Reached skill level 5 in Throwing
 29992 | Spider:4 | Entered Level 4 of the Spider Nest
 30593 | Spider:4 | Reached skill level 10 in Armour
 30635 | Spider:4 | Reached skill level 13 in Fighting
 31285 | Spider:4 | Reached skill level 14 in Fighting
 31609 | Spider:4 | Got a gossamer rune of Zot
 32068 | Shoals:1 | Entered Level 1 of the Shoals
 32547 | Shoals:1 | Reached XP level 17. HP: 102/111 MP: 21/25
 33445 | Shoals:1 | Got a heavily runed brass ring
 33886 | D:11     | Bought 3 scrolls of identify for 66 gold pieces
 33886 | D:11     | Identified the ring of the Thoughtful Suns {Fire MR+ Int+5
                  | Dex-3} (You found it on level 1 of the Shoals)
 34184 | Shoals:2 | Identified the +11 whip "Gyext" {slash, rElec Int+4 Stlth+}
 35389 | Shoals:2 | Reached skill level 10 in Evocations
 36806 | Shoals:4 | Entered Level 4 of the Shoals
 36926 | Shoals:4 | Identified the +6 shield of the Constellations {+Blink
                  | rElec Str-2} (You found it on level 4 of the Shoals)
 36937 | Shoals:4 | Identified the +2 double sword of Wen Qof {speed, rPois rF-
                  | MR+ Dex+6} (You acquired it on level 4 of the Shoals)
 37002 | Shoals:3 | Reached skill level 1 in Shields
 37010 | Shoals:4 | Noticed Polyphemus
 39145 | Shoals:4 | Reached XP level 18. HP: 116/116 MP: 26/26
 39521 | Shoals:4 | Killed Polyphemus
 39618 | Shoals:4 | Identified the amulet "Milyaph" {*Slow rPois rN+ Regen+}
                  | (You found it on level 4 of the Shoals)
 39920 | Shoals:4 | Reached skill level 5 in Shields
 40123 | Shoals:4 | Got a barnacled rune of Zot
 40462 | Elf:1    | Entered Level 1 of the Elven Halls
 40596 | Elf:1    | Reached skill level 15 in Long Blades
 42039 | Elf:2    | Found a runed translucent gate.
 42363 | Elf:2    | Found a runed translucent gate.
 42364 | Elf:2    | Found a runed translucent gate.
 42518 | Elf:3    | Entered Level 3 of the Elven Halls
 43802 | Elf:3    | Identified the cursed +1 ring mail of Moklaheh {*Corrode
                  | rF+ Dex+6}
 43802 | Elf:3    | Identified the ring of Botioski {rF- rC+ Dex+7 SInv Stlth+}
 43802 | Elf:3    | Identified the ring of Edwogot {*Slow Int+4 Dex+4 SInv}
 43827 | Elf:3    | Noticed a Brimstone Fiend
 44105 | Elf:3    | Identified the +5 scythe of Keogg {freeze, *Drain rF+++
                  | rC++}
 44127 | Elf:3    | Noticed a Tzitzimitl
 44188 | Elf:3    | Noticed a deep elf master archer
 44206 | Elf:3    | Killed a deep elf master archer
 44236 | Elf:3    | Identified the +5 dagger of Truth {pierce, SInv}
 44406 | Elf:3    | Reached skill level 10 in Shields
 44430 | Elf:3    | Noticed a deep elf blademaster
 44451 | Elf:3    | Killed a deep elf blademaster
 44451 | Elf:3    | Reached XP level 19. HP: 110/121 MP: 27/27
 44856 | Elf:3    | Noticed a Brimstone Fiend
 44884 | Elf:3    | Identified Xuuxt's Handbook of Beguiling and Weightlessness
 45923 | D:14     | Found a transporter.
 45955 | D:14     | Identified the +2 scimitar of Spores {freeze, SInv}
 45976 | D:14     | Identified the cursed +1 broad axe "Bicev" {antimagic, rC+}
 45986 | D:14     | Found a transporter.
 46076 | D:14     | Noticed Ennyili's ghost (journeyman CeHu)
 46345 | D:14     | Found a gate to the Vaults.
 46381 | D:14     | Identified the cursed +1 morningstar "Arcanum" {vamp, +Inv
                  | MR+}
 46546 | D:14     | Found a bloodstained altar of Trog.
 46846 | D:15     | Entered Level 15 of the Dungeon
 46888 | D:15     | Found a gate leading to a gauntlet.
 46897 | Gauntlet | Entered a Gauntlet
 46897 | Gauntlet | Found a transporter.
 46907 | Gauntlet | Found a transporter.
 46922 | Gauntlet | Found a transporter.
 46924 | Gauntlet | Found a large runed translucent door.
 46925 | Gauntlet | Found a large runed translucent door.
 46926 | Gauntlet | Found a large runed translucent door.
 46926 | Gauntlet | Found a large runed translucent door.
 46926 | Gauntlet | Found a runed translucent door.
 46927 | Gauntlet | Found a transporter.
 46928 | Gauntlet | Found a runed translucent door.
 46929 | Gauntlet | Found a large runed translucent door.
 46929 | Gauntlet | Found a large runed translucent door.
 46930 | Gauntlet | Found a large runed translucent door.
 46931 | Gauntlet | Found a large runed translucent door.
 46937 | Gauntlet | Found a large runed translucent door.
 46937 | Gauntlet | Found a large runed translucent door.
 46938 | Gauntlet | Found a large runed translucent door.
 46938 | Gauntlet | Found a large runed translucent door.
 46939 | Gauntlet | Found a large runed translucent door.
 46939 | Gauntlet | Found a large runed translucent door.
 46940 | Gauntlet | Found a runed translucent gate.
 46940 | Gauntlet | Found a runed translucent gate.
 46940 | Gauntlet | Found a runed translucent gate.
 46942 | Gauntlet | Found a transporter.
 46952 | Gauntlet | Found a large runed translucent door.
 46953 | Gauntlet | Found a large runed translucent door.
 46961 | Gauntlet | Found a transporter.
 46973 | Gauntlet | Found a transporter.
 46985 | Gauntlet | Found a transporter.
 46997 | Gauntlet | Found the +3 warlock's mirror {reflect}
 46997 | Gauntlet | Found a transporter.
 47012 | Gauntlet | Found a transporter.
 47026 | Gauntlet | Found a transporter.
 47037 | Gauntlet | Found the ring of Phasing {EV+8}
 47044 | Gauntlet | Found a transporter.
 47046 | Gauntlet | Found a transporter.
 47071 | Gauntlet | Found a transporter.
 47073 | Gauntlet | Found a transporter.
 47093 | Gauntlet | Found a transporter.
 47095 | Gauntlet | Found a transporter.
 47201 | Gauntlet | Found a transporter.
 47975 | D:15     | Found a staircase to the Depths.
 48138 | D:15     | Reached skill level 15 in Armour
 48605 | Vaults:1 | Entered Level 1 of the Vaults
 48733 | Vaults:1 | Found a flickering gateway to a bazaar.
 48749 | Bazaar   | Entered a bazaar
 48753 | Bazaar   | Found Yheyriuw's Weapon Boutique.
 48771 | Bazaar   | Found Plog's Antique Weapon Emporium.
 48788 | Bazaar   | Found Agriazor's Magic Scroll Boutique.
 48805 | Bazaar   | Found Onaqeb's Antique Armour Shoppe.
 48827 | Bazaar   | Bought a pair of blackened gloves for 152 gold pieces
 48827 | Bazaar   | Identified the cursed -4 pair of gloves "Ceasiwom" {MR+}
                  | (You bought it in a shop in a bazaar)
 48829 | Bazaar   | Bought the +3 pair of gauntlets of War {Slay+5} for 760
                  | gold pieces
 48829 | Bazaar   | Found the +3 pair of gauntlets of War {Slay+5}
 48844 | Bazaar   | Bought a scroll of teleportation for 36 gold pieces
 48844 | Bazaar   | Bought a scroll of magic mapping for 42 gold pieces
 48844 | Bazaar   | Bought a scroll of blinking for 90 gold pieces
 48844 | Bazaar   | Bought a scroll of blinking for 90 gold pieces
 48844 | Bazaar   | Bought a scroll of enchant armour for 90 gold pieces
 48844 | Bazaar   | Bought a scroll of enchant armour for 90 gold pieces
 48859 | Bazaar   | Bought a pitted plate armour for 448 gold pieces
 48874 | Bazaar   | Identified the +4 plate armour "Ras Bucw" {rPois Dex+6}
                  | (You bought it in a shop in a bazaar)
 48875 | Bazaar   | Bought a scroll of brand weapon for 240 gold pieces
 48875 | Bazaar   | Bought a scroll of identify for 24 gold pieces
 49048 | Vaults:1 | Noticed a Hell Sentinel
 49144 | Vaults:1 | Reached XP level 20. HP: 87/127 MP: 28/28
 49796 | D:14     | Killed Ennyili's ghost
 51627 | Vaults:2 | Found a staircase to the Crypt.
 52221 | Vaults:2 | Noticed Margery
 52246 | Vaults:2 | Killed Margery
 52306 | Vaults:2 | Reached skill level 5 in Translocations
 52358 | Vaults:2 | You are sucked into a shaft and drop 1 floor!
 52450 | Vaults:2 | Found Pynt's Book Boutique.
 53329 | Vaults:3 | Reached XP level 21. HP: 132/132 MP: 30/30
 53364 | Vaults:3 | Found Peluikh's Antique Weapon Emporium.
 54034 | Vaults:3 | Noticed an ancient lich
 54212 | Vaults:3 | Found a runed translucent gate.
 54212 | Vaults:3 | Found a runed translucent gate.
 54212 | Vaults:3 | Found an ancient bone altar of Kikubaaqudgha.
 54212 | Vaults:3 | Found a runed translucent gate.
 54212 | Vaults:3 | Noticed Fang's ghost (adept GrFi)
 54212 | Vaults:3 | Noticed grimtooth's ghost (adept CeHu)
 54212 | Vaults:3 | Noticed Wodei's ghost (adept DgAE)
 54395 | Vaults:3 | Killed an ancient lich
 54815 | Vaults:4 | Reached skill level 15 in Fighting
 55995 | Vaults:4 | Reached skill level 16 in Fighting
 56837 | Vaults:5 | Entered Level 5 of the Vaults
 56838 | Vaults:5 | Noticed an ancient lich
 56856 | Vaults:4 | Reached skill level 17 in Fighting
 57042 | Depths:1 | Entered Level 1 of the Depths
 57042 | Depths:1 | Noticed Nikola
 57067 | Depths:1 | Killed Nikola
 57099 | Depths:1 | Noticed Asterion
 57113 | Depths:1 | Killed Asterion
 57113 | Depths:1 | Reached XP level 22. HP: 145/145 MP: 32/32
 57156 | Depths:1 | Found Masuiv's General Store.
 57162 | Depths:1 | Found a gateway to Hell.
 57179 | Depths:1 | Bought a scroll of magic mapping for 56 gold pieces
 57421 | Depths:1 | Identified the +10 battleaxe "Giant's Demise" {vamp, +Fly
                  | Str+4}
 57718 | Depths:1 | Reached skill level 18 in Fighting
 57870 | Depths:1 | Noticed Mara
 58003 | Depths:1 | Noticed Chrisjfl's illusion
 58161 | Depths:1 | Killed Mara
 58389 | Depths:1 | Found a one-way gate leading to the halls of Pandemonium.
 58506 | Depths:2 | Gained mutation: Your body sometimes deteriorates upon
                  | taking damage. [a shining eye]
 58980 | Depths:2 | Reached skill level 19 in Fighting
 59136 | Depths:2 | Noticed Saint Roka
 59154 | Depths:2 | Noticed a caustic shrike
 59185 | Depths:2 | Killed Saint Roka
 59810 | Depths:2 | Identified the Reference Book on Earthen Protection
 60233 | Depths:2 | Reached skill level 20 in Fighting
 60948 | Depths:2 | Reached XP level 23. HP: 141/156 MP: 33/33
 61575 | Depths:3 | Reached skill level 15 in Dodging
 61681 | Depths:3 | Found a transporter.
 61854 | Depths:3 | Noticed a golden dragon
 61905 | Depths:3 | Killed a golden dragon
 62033 | Depths:3 | Noticed xDrFeelgood's ghost (adept MiBe)
 62040 | Depths:3 | Found a transporter.
 62344 | Depths:3 | Noticed Frederick
 62371 | Depths:3 | Killed Frederick
 62386 | Depths:3 | Noticed a golden dragon
 62407 | Depths:3 | Killed a golden dragon
 62818 | Depths:3 | Noticed a juggernaut
 63030 | Depths:3 | Killed a juggernaut
 63387 | Depths:3 | Noticed a caustic shrike
 63411 | Depths:3 | Killed a caustic shrike
 63853 | Depths:3 | Identified the Volume of Somewhere Else
 64148 | Depths:4 | Found a gateway to a ziggurat.
 64317 | Depths:4 | Reached XP level 24. HP: 145/163 MP: 32/33
 64429 | Depths:4 | Found a one-way gate to the infinite horrors of the Abyss.
 66028 | Depths:5 | Entered Level 5 of the Depths
 66041 | Depths:4 | Reached skill level 21 in Fighting
 66196 | Depths:5 | Found the +7 Kryia's mail coat {PotionHeal*2 rC+}
 66933 | Depths:5 | Reached skill level 22 in Fighting
 67759 | Depths:5 | Found a gate to the Realm of Zot.
 68038 | Vaults:4 | Killed an ancient lich
 68038 | Vaults:4 | Reached skill level 23 in Fighting
 68041 | Vaults:4 | Reached XP level 25. HP: 114/176 MP: 16/33
 68914 | Vaults:5 | Reached skill level 24 in Fighting
 69447 | Vaults:5 | Noticed an ancient lich
 69461 | Vaults:5 | Killed an ancient lich
 69938 | Vaults:5 | Got a scorched sapphire amulet
 69939 | Vaults:5 | Identified the amulet of Hyafiato {Acrobat rElec Str+3
                  | Int+4} (You found it on level 5 of the Vaults)
 70074 | Vaults:5 | Found Pimeghu's Food Shoppe.
 70098 | Vaults:5 | Got a silver rune of Zot
 70117 | Vaults:5 | Found Raogys's Food Boutique.
 70169 | Vaults:5 | Found Voim's Magic Scroll Boutique.
 70174 | Vaults:5 | Bought a scroll of magic mapping for 70 gold pieces
 70300 | Vaults:5 | Reached skill level 25 in Fighting
 70395 | Vaults:5 | Identified the +8 mace of Soph {crush, Str+2 Dex+2}
 70699 | Vaults:5 | Identified the Incunabulum of the Lucky Birds
 70768 | Vaults:5 | Reached XP level 26. HP: 147/188 MP: 20/33
 71189 | Zot:1    | Entered Level 1 of the Realm of Zot
 71247 | Zot:1    | Noticed an orb of fire
 71790 | Crypt:1  | Entered Level 1 of the Crypt
 72276 | Crypt:1  | Found a basalt altar of Yredelemnul.
 72300 | Crypt:1  | Found a runed translucent door.
 72304 | Crypt:1  | Noticed rrossfarrar's ghost (veteran BaFi)
 72890 | Crypt:2  | Reached skill level 26 in Fighting
 72955 | Crypt:2  | Identified the cursed +0 buckler of the Crushed Wars {+Fly
                  | rPois rC- Int+4} (You found it on level 2 of the Crypt)
 73500 | Crypt:3  | Entered Level 3 of the Crypt
 73657 | Crypt:3  | Noticed Boris
 73666 | Crypt:2  | Killed Boris
 73899 | Crypt:3  | Found an ancient bone altar of Kikubaaqudgha.
 74205 | Crypt:3  | Identified the ring of Xaaskute {*Corrode rPois rC+ AC+1
                  | Str+4 Stlth+} (You found it on level 3 of the Crypt)
 74372 | Crypt:3  | Found the +8 demon blade "Leech" {vamp, rN+ AC-3 EV-3}
 74462 | Crypt:3  | Reached skill level 27 in Fighting
 74569 | Crypt:3  | Identified the Guide on Creation
 74596 | Crypt:3  | Noticed Jory
 74614 | Crypt:3  | Killed Jory
 74661 | Crypt:3  | Found a staircase to the Tomb.
 75224 | Lair:3   | Killed colesbury's ghost
 75358 | Lair:6   | Killed quinnr's ghost
 75388 | Lair:6   | Got a faintly glowing lapis lazuli ring
 75398 | Lair:6   | Identified the ring "Omaijyn" {*Corrode rC+ Dex+7} (You
                  | found it on level 6 of the Lair of Beasts)
 75918 | Elf:2    | Reached XP level 27. HP: 199/199 MP: 33/33
 76528 | Vaults:3 | Killed Fang's ghost
 76544 | Vaults:3 | Killed grimtooth's ghost
 76584 | Vaults:3 | Killed Wodei's ghost
 76600 | Vaults:3 | Identified Kikubaaqudgha's Papyrus of the Tired Beggars
 76606 | Vaults:3 | Got a smoking graven amulet
 76607 | Vaults:3 | Identified the amulet of Tiasmut {rElec rF+ Regen+} (You
                  | found it on level 3 of the Vaults)
 76933 | Depths:3 | Got a pair of scorched gloves
 77355 | Depths:3 | Identified the +2 pair of gloves of Absence {-Tele rC+
                  | Dex+7} (You found it on level 3 of the Depths)
 77459 | Depths:4 | Voluntarily entered the Abyss.
 77511 | Abyss:2  | Found a corrupted altar of Lugonu.
 78021 | Abyss:4  | Found a sparkling altar of Nemelex Xobeh.
 78022 | Abyss:4  | Found a white marble altar of Elyvilon.
 78112 | Abyss:4  | Noticed an ancient lich
 78127 | Abyss:4  | Killed an ancient lich
 78156 | Abyss:4  | Noticed an ancient lich
 78161 | Abyss:4  | Got an abyssal rune of Zot
 78164 | Abyss:4  | Killed an ancient lich
 78198 | Depths:4 | Escaped the Abyss
 78942 | Zot:1    | Killed an orb of fire
 83271 | Slime:1  | Entered Level 1 of the Pits of Slime
 83815 | Slime:1  | Gained mutation: Scrolls take you a little longer to read.
                  | [a shining eye]
 84307 | Slime:2  | Noticed Dissolution
 84961 | Slime:2  | Killed Dissolution
 86621 | Slime:5  | Entered Level 5 of the Pits of Slime
 86900 | Slime:5  | Noticed the Royal Jelly
 87103 | Slime:4  | Lost mutation: Scrolls take you a little longer to read.
                  | [potion of mutation]
 87103 | Slime:4  | Lost mutation: Your body sometimes deteriorates upon taking
                  | damage. [potion of mutation]
 87103 | Slime:4  | Gained mutation: Your mind is acute. (Int +2) [potion of
                  | mutation]
 87103 | Slime:4  | Gained mutation: You are agile. (Dex +2) [potion of
                  | mutation]
 87103 | Slime:4  | Gained mutation: You possess an exceptional clarity of
                  | mind. [potion of mutation]
 87119 | Slime:5  | Found a viscous altar of Jiyva.
 87189 | Slime:5  | Killed the Royal Jelly
 87558 | Slime:5  | Got a slimy rune of Zot
 87597 | Slime:5  | Identified the +0 cloak "Ekiki" {rElec rN+++ Dex-5 SInv}
                  | (You found it on level 5 of the Pits of Slime)
 87621 | Slime:5  | Identified the Guide on Enthralling Heat
 87640 | Slime:5  | Identified the Compendium of Doomed Air
 88230 | Tomb:1   | Entered Level 1 of the Tomb of the Ancients
 89203 | Tomb:1   | Noticed a greater mummy
 89204 | Tomb:1   | Noticed a greater mummy
 89210 | Tomb:1   | Killed a greater mummy
 89221 | Tomb:1   | Killed a greater mummy
 89429 | Tomb:1   | Learned a level 5 spell: Aura of Abjuration
 89655 | Tomb:2   | Noticed Boris
 89658 | Tomb:2   | Noticed a greater mummy
 89659 | Tomb:2   | Noticed a greater mummy
 89659 | Tomb:2   | Noticed a greater mummy
 89659 | Tomb:2   | Noticed a greater mummy
 89661 | Tomb:2   | Killed Boris
 89661 | Tomb:2   | Reached skill level 1 in Summonings
 90361 | Hell     | Entered the Vestibule of Hell
 90361 | Hell     | Noticed Geryon
 90382 | Hell     | Killed Geryon
 90747 | Hell     | Reached skill level 5 in Summonings
 90869 | Hell     | Found a gateway to the decaying netherworld of Tartarus.
 90993 | Hell     | Found a gateway to the ashen valley of Gehenna.
 91102 | Hell     | Found a gateway to the Iron City of Dis.
 91157 | Hell     | Found a gateway to the freezing wastes of Cocytus.
 91286 | Tar:1    | Entered Level 1 of Tartarus
 91715 | Tar:2    | Cast into level 2 of the Abyss (reaper)
 91734 | Abyss:2  | Reached skill level 10 in Summonings
 91876 | Abyss:2  | Gained mutation: You are occasionally teleported next to
                  | monsters. [a neqoxec]
 91890 | Abyss:2  | Lost mutation: Your mind is acute. (Int +2) [potion of
                  | mutation]
 91890 | Abyss:2  | Lost mutation: You possess an exceptional clarity of mind.
                  | [potion of mutation]
 91890 | Abyss:2  | Lost mutation: You are occasionally teleported next to
                  | monsters. [potion of mutation]
 91890 | Abyss:2  | Gained mutation: You expend magic power (3 MP) to
                  | strengthen your wands. [potion of mutation]
 91890 | Abyss:2  | Gained mutation: Your mind is acute. (Int +2) [potion of
                  | mutation]
 91890 | Abyss:2  | Gained mutation: Your mind is very acute. (Int +4) [potion
                  | of mutation]
 91908 | Tar:2    | Escaped the Abyss
 92323 | Tar:2    | You are sucked into a shaft and drop 1 floor!
 93082 | Tar:7    | Entered Level 7 of Tartarus
 94035 | Tar:1    | Reached skill level 15 in Summonings
 95019 | Tar:7    | Found the +3 Elemental Staff {rElec rF++ rC++ MR++ AC+5}
 95065 | Tar:7    | Noticed the Serpent of Hell
 96192 | Tar:7    | Killed the Serpent of Hell
 98009 | Tar:7    | Gained mutation: Scrolls take you a little longer to read.
                  | [mutagenic glow]
 98072 | Tar:7    | Noticed an ancient lich
 98085 | Tar:7    | Killed an ancient lich
 98166 | Tar:7    | Noticed Ereshkigal
 98179 | Tar:7    | Killed Ereshkigal
 98218 | Tar:7    | Got a bone rune of Zot
 98663 | Dis:1    | Entered Level 1 of the Iron City of Dis
100362 | Dis:5    | Reached skill level 15 in Invocations
100770 | Dis:7    | Entered Level 7 of the Iron City of Dis
101530 | Dis:7    | Identified the +4 staff of Dispater
101530 | Dis:7    | Noticed Dispater
101563 | Dis:7    | Found the +4 moon troll leather armour {Spirit, Regen++
                  | MP+5}
101568 | Dis:7    | Got an iron rune of Zot
101603 | Dis:7    | HP: 8/199 [Dispater/damnation (23)]
102217 | D:11     | Bought a scroll of teleportation for 42 gold pieces
102217 | D:11     | Bought a potion of curing for 42 gold pieces
102217 | D:11     | Bought 2 scrolls of teleportation for 84 gold pieces
103024 | Geh:1    | Entered Level 1 of Gehenna
103243 | Geh:2    | Reached skill level 10 in Translocations
105117 | Geh:6    | Reached skill level 15 in Evocations
105488 | Geh:7    | Entered Level 7 of Gehenna
105536 | Geh:7    | Gained mutation: Armour fits poorly on your strangely
                  | shaped body. [mutagenic glow]
105538 | Geh:7    | Lost mutation: Scrolls take you a little longer to read.
                  | [potion of mutation]
105538 | Geh:7    | Lost mutation: Your mind is very acute. (Int +4) [potion of
                  | mutation]
105538 | Geh:7    | Gained mutation: Your mind is very acute. (Int +4) [potion
                  | of mutation]
105538 | Geh:7    | Gained mutation: You have a pair of small antennae on your
                  | head. [potion of mutation]
106849 | D:11     | Bought a scroll of teleportation for 33 gold pieces
106849 | D:11     | Bought a scroll of fog for 22 gold pieces
106894 | D:11     | Bought a scroll of summoning for 133 gold pieces
106894 | D:11     | Bought a scroll of teleportation for 42 gold pieces
107009 | Depths:1 | Bought a scroll of holy word for 120 gold pieces
107195 | Vaults:5 | Bought a scroll of magic mapping for 70 gold pieces
107195 | Vaults:5 | Bought a scroll of fog for 40 gold pieces
107206 | Vaults:5 | Bought a ration for 70 gold pieces
107206 | Vaults:5 | Bought a ration for 70 gold pieces
107206 | Vaults:5 | Bought a ration for 70 gold pieces
107310 | Vaults:2 | Bought a book of Spatial Translocations for 1365 gold
                  | pieces
107313 | Vaults:2 | Learned a level 2 spell: Blink
107317 | Vaults:2 | Learned a level 3 spell: Lesser Beckoning
107326 | Vaults:2 | Learned a level 8 spell: Controlled Blink
108293 | Geh:7    | Identified the +5 lajatang "Ito Umpa" {drain, Dex+4}
108480 | Geh:7    | Identified the +7 sceptre of Asmodeus
108480 | Geh:7    | Noticed Asmodeus
108496 | Geh:7    | Killed Asmodeus
108504 | Geh:7    | Got an obsidian rune of Zot
108760 | D:12     | Bought the ring "Jagh" {rC++ MR+ Dex+6 Stlth+} for 1038
                  | gold pieces
108913 | Coc:1    | Entered Level 1 of Cocytus
109369 | Coc:3    | Reached skill level 15 in Translocations
110940 | Coc:7    | Entered Level 7 of Cocytus
111574 | Coc:7    | Identified the +8 hand axe of Amimn {freeze, +Fly SInv}
111574 | Coc:7    | Noticed Antaeus
111586 | Coc:7    | HP: 14/294 [Antaeus/the +8 hand axe of Amimn {freeze, +Fly
                  | SInv} (9)]
111586 | Coc:7    | HP: 6/294 [Antaeus/the +8 hand axe of Amimn {freeze, +Fly
                  | SInv} (7)]
111586 | Coc:7    | Mangled by Antaeus

Levels and vault maps discovered:
D:1:      lemuel_arrival_muddy, layout_basic
D:2:      layout_basic, first_ration, corexii_item_surrounded_by_moat
D:3:      kennysheep_slugbush, layout_basic, uniq_natasha, uniq_terence,
          uniq_purgy
D:4:      layout_loops_ring, minmay_divided_ellipse, uniq_robin
D:5:      layout_rooms, uniq_grinder
D:6:      layout_loops_corners
D:7:      minmay_the_grid_octo_tiled_squarecenter [minmay_the_grid_octo_focus,
          minmay_the_grid_octo_shrine, minmay_the_grid_octo_clover,
          minmay_the_grid_octo_vomiting_pacman,
          minmay_the_grid_square_5x5_megaprize_checkered,
          minmay_the_grid_square_5x5_dogpile,
          minmay_the_grid_square_5x5_n_small,
          minmay_the_grid_square_5x5_tri_point,
          minmay_the_grid_square_5x5_broken_cross], layout_rooms,
          minmay_temple_entry_offerings, uniq_harold
D:8:      layout_loops_corners
D:9:      layout_loops_ring, lemuel_round_altar
D:10:     layout_loops_cross, hangedman_little_slice_of_home,
          kennysheep_generic_room_6
D:11:     layout_gridville, due_lair_maze_entry_diamond, serial_shops,
          bzr_entry_water, shop, shop, nicolae_shop_crystal,
          nicolae_shop_waterfront, st_stairs_4
D:12:     layout_roguey, david_orc_3, serial_shops, shop, hex_tiny,
          wad_dig_loot, uniq_erolcha
D:13:     layout_grid_maze, special_room [special_room_bee]
D:14:     layout_cave_pools, lightli_vaults_fourway_checkpoint,
          gammafunk_ghost_wrathful_warriors
D:15:     grunt_enter_depths_magical_seal, layout_basic, gauntlet_entry_generic,
          onia_ninara_cookie
Temple:   kilobyte_greek_temple
Lair:1:   layout_hall_layers, serial_forest, infiniplex_forest_clump_long,
          infiniplex_forest_clump_long, infiniplex_forest_lined_room_2,
          infiniplex_forest_lined_corner, infiniplex_forest_clump_small,
          infiniplex_forest_clump_small, infiniplex_forest_lined_3,
          infiniplex_forest_split, st_stairs_3, serial_bayou_pond_e,
          patterned_corridor
Lair:2:   layout_regular_city, spider_nest_entry_web_field
Lair:3:   layout_cave_shapes, ebering_ghost_xom
Lair:4:   dragon1_lemuel, layout_gridlike, minmay_shoals_entry_beasts,
          infiniplex_staircase_pool, grunt_megastairs_4,
          minmay_lair_oklob_chamber
Lair:5:   layout_hall_layers, slime_altar_2, st_stairs_12, beast_lair_carwin_8
Lair:6:   hangedman_lair_caniforms_friends, layout_small_grid,
          hangedman_lair_in_review, gammafunk_ghost_wrathful_warriors,
          uniq_nessos
Shoals:1: layout_shoals, nicolae_shoals_this_corrosion
Shoals:2: layout_shoals
Shoals:3: layout_shoals
Shoals:4: shoals_end_grunt_ice, layout_shoals, uniq_polyphemus
Spider:1: layout_spider_delve, ebering_ghost_inner_flame, zaba_anthell
Spider:2: layout_spider_delve, nicolae_spider_webbed_stairs
Spider:3: layout_spider_delve, drop_trap, uniq_jorgrun
Spider:4: grunt_spider_rune_circles
Slime:1:  layout_caves
Slime:2:  layout_caves, nicolae_slime_phagocytosis, uniq_dissolution
Slime:3:  cheibrodos_slime_lost_civilization_3, layout_caves,
          nicolae_slime_barrier
Slime:4:  layout_caves
Slime:5
Orc:1:    layout_caves, serial_shops,
          nicolae_shop_temple_entry_statues_fountains, mines2_david
Orc:2:    grunt_orc_community_town_hall, layout_caves,
          grunt_orc_community_big_house_2, grunt_orc_community_big_house_1,
          grunt_orc_community_house_3, grunt_orc_community_house_3,
          grunt_orc_community_house_3, grunt_orc_community_house_1
Elf:1:    elf_arrival_001, layout_gridlike, evilmike_minifort
Elf:2:    layout_loops_ring
Elf:3:    grunt_elf_hall_branching, layout_geoelf_octagon, grunt_megastairs_1
Vaults:1: vaults_standard_mumra_x, nicolae_vaults_little_squares_3,
          hangedman_vaults_unwind, nicolae_vaults_little_squares_1,
          vaults_room_octagon, hangedman_vaults_cutoff,
          nicolae_vaults_three_branches, v_misc_23, grunt_vaults_diagonal,
          nicolae_vaults_twisting_passages, ontoclasm_vaults_chip,
          layout_vaults_omnicross, serial_shops, bzr_entry_safe
Vaults:2: minmay_crypt_entry_simple_corners, hangedman_vaults_locks,
          vaults_room_corners, v_misc_13, v_misc_18, v_alt_pattern_1,
          dpeg_vaults_monster_box, layout_vaults_chaotic_city, serial_shops,
          nicolae_shop_trees, uniq_margery
Vaults:3: gammafunk_vaults_ghost_crypt, hangedman_vaults_corner, v_misc_23,
          vaults_room_octagon, ontoclasm_vaults_idyll, ontoclasm_vaults_idyll,
          vaults_room_corners, nicolae_vaults_border_crossing,
          layout_vaults_quadrants, serial_shops, shop
Vaults:4: nicolae_vaults_meeting, v_rooms_1, ontoclasm_vaults_fault,
          v_pattern_2, ontoclasm_vaults_decontamination, hangedman_vaults_pinch,
          vaults_dpeg_hooks, vaults_dpeg_spiral, v_misc_17, v_misc_8,
          grunt_vaults_focal, nicolae_vaults_alarming, layout_vaults_ring
Vaults:5
Crypt:1:  layout_misc_corridors, ebering_ghost_reflecting_pool, minivault_23,
          lemuel_mausoleum_altar_yredelemnul
Crypt:2:  layout_misc_corridors
Crypt:3:  grunt_crypt_end_deaths_head, uniq_boris
Tomb:1
Tomb:2
Depths:1: layout_basic, hell_entry, serial_shops, shop_coins,
          minmay_strange_pillars, rand_demon_pan_entry_1, abandoned_shop,
          serial_bayou_ford_a, minmay_misc_feat_square, hangedman_glass_teeth,
          minmay_misc_feat_encased, minmay_crystal_water, grunt_ministairs_1,
          drop_trap, wad_rectangle_vault, uniq_mara, uniq_nikola, uniq_asterion
Depths:2: radiant_caverns_a_rkd, hell_entry, uniq_saint_roka
Depths:3: vault_1, layout_basic, minmay_hedge_maze, hell_entry, pan_entry,
          gammafunk_ghost_mausoleum, hangedman_decor_points, uniq_frederick
Depths:4: minmay_quantized_circle, layout_basic, enter_ziggurat_a, abyss_entry,
          pan_entry, moated_statue, pf_hell_entry_tar_river
Depths:5: grunt_zot_entry_gee_three, layout_cave_shapes,
          grunt_hell_entry_demonic_statue, serial_bayou_pond_c, drop_trap,
          serial_bayou_shore_b
Hell
Dis:1:    grunt_deathspiral_small, layout_jigsaw
Dis:2:    layout_gridville
Dis:3:    layout_chaotic_city
Dis:4:    layout_overlapping_boxes
Dis:5:    layout_regular_city
Dis:6:    layout_regular_city
Dis:7:    iron_city_of_dis [dis_mu, dis_wall_3], layout_chaotic_city
Geh:1:    layout_gehenna_lava_caves
Geh:2:    layout_gehenna_lava_caves
Geh:3:    layout_gehenna_lava_caves
Geh:4:    layout_gehenna_pools_triple, lemuel_old_faithful
Geh:5:    layout_gehenna_lava_caves
Geh:6:    layout_gehenna_lava_caves
Geh:7:    geh_grunt_pentagon
Coc:1:    layout_cocytus_water_paths
Coc:2:    layout_cocytus_water_paths
Coc:3:    layout_cocytus_delve, serial_ice, serial_ice_k, serial_ice_o,
          serial_ice_a, serial_ice_n
Coc:4:    layout_cocytus_delve, serial_ice, serial_ice_f, serial_ice_d,
          serial_ice_i, serial_ice_m, serial_ice_h, serial_ice_e, serial_ice_g,
          serial_ice_b, serial_ice_c
Coc:5:    layout_ice_bergs
Coc:6:    layout_ice_bergs
Coc:7:    coc_grunt
Tar:1:    layout_honeycomb
Tar:2:    layout_honeycomb, grunt_megastairs_2
Tar:3:    layout_cathedral_of_symmetry
Tar:4:    layout_grid_maze
Tar:5:    layout_grid_maze
Tar:6:    layout_catacombs
Tar:7:    tar_grunt_cathedral
Zot:1:    layout_basic
Zot:2:    layout_misc_corridors, nicolae_lava_and_water
Zot:3:    layout_basic
Zot:4:    nicolae_moth_party, layout_gridlike, zot_minivault_1

Skill      XL: |  1  2  3  4  5  6  7  8  9 10 11 12 13 14 15 16 17 18 19 20 21 22 23 24 25 26 27 |
---------------+----------------------------------------------------------------------------------+-----
Long Blades    | 4 5 6 13 14 16 24 | 24.0
Dodging        | 5 7 10 11 14 18 20 26 | 26.1
Armour         | 1 4 8 11 14 16 18 19 24 | 24.1
Throwing       | 3 4 5 |  5.6
Stealth        | 4 7 |  7.2
Evocations     | 4 7 10 15 | 15.0
Fighting       | 5 7 8 11 12 14 17 20 23 25 27 | 27.0
Translocations | 2 3 6 18 | 18.4
Invocations    | 4 7 9 10 11 12 17 | 17.0
Slings         | 2 3 |  3.0
Spellcasting   | 1 3 |  3.0
Hexes          | 2 3 |  3.0
Shields        | 3 10 13 | 13.0
Summonings     | 16 | 16.0

Action                   |  1- 3 |  4- 6 |  7- 9 | 10-12 | 13-15 | 16-18 | 19-21 | 22-24 | 25-27 || total
-------------------------+-------+-------+-------+-------+-------+-------+-------+-------+-------++-------
Melee: Long sword        |    52 |    45 |   287 |   164 |     5 |       |       |       |       ||   553
       Kick              |    14 |    17 |   103 |   246 |   549 |   625 |   783 |   864 |  3223 ||  6424
       Peck              |     7 |     9 |    72 |   151 |   349 |   390 |   459 |   497 |  2021 ||  3955
       Scimitar          |       |       |       |    88 |       |       |       |       |       ||    88
       Demon blade       |       |       |       |   305 |  1011 |   552 |    33 |    66 |  1342 ||  3309
       Double sword      |       |       |       |       |       |   441 |  1255 |  1377 |  1405 ||  4478
       Triple sword      |       |       |       |       |       |       |       |       |  2802 ||  2802
 Fire: Hunting sling     |    10 |    99 |    44 |    10 |       |       |       |       |       ||   163
       Fustibalus        |       |       |       |       |    64 |    29 |       |       |       ||    93
Throw: Stone             |     8 |       |     7 |     8 |    54 |       |       |       |       ||    77
       Throwing net      |       |     2 |     1 |       |       |       |       |       |       ||     3
       Dart              |       |       |    37 |   126 |   173 |   206 |    66 |    90 |    50 ||   748
       Javelin           |       |       |     2 |     4 |       |       |       |       |       ||     6
       Boomerang         |       |       |       |    11 |     5 |       |       |       |       ||    16
 Cast: Apportation       |       |       |       |       |       |     1 |     1 |       |     3 ||     5
       Aura of Abjuratio |       |       |       |       |       |       |       |       |    23 ||    23
       Lesser Beckoning  |       |       |       |       |       |       |       |       |    14 ||    14
Invok: Grow Ballistomyce |       |       |       |       |     6 |    10 |     3 |     5 |     3 ||    27
       Wall of Briars    |       |       |       |       |     5 |       |     1 |       |     6 ||    12
       Grow Oklob        |       |       |       |       |       |     7 |     6 |     4 |     9 ||    26
       Overgrow          |       |       |       |       |       |       |       |       |     3 ||     3
 Abil: Fly               |       |     1 |       |       |       |       |       |       |       ||     1
       Evoke Invisibilit |       |       |       |     4 |     1 |     1 |       |       |       ||     6
Evoke: Wand              |       |       |     4 |     4 |    20 |    28 |     7 |     8 |     2 ||    73
  Use: Scroll            |       |     1 |     6 |    21 |    12 |    12 |    16 |     7 |    40 ||   115
       Potion            |       |     3 |     1 |     2 |     6 |     4 |     5 |     1 |    32 ||    54
 Stab: Distracted        |       |     1 |       |     1 |     3 |     1 |     7 |       |     1 ||    14
       Held in net/web   |       |       |     2 |       |       |       |       |       |     3 ||     5
       Sleeping          |       |       |     1 |    11 |    17 |       |       |       |       ||    29
       Invisible         |       |       |       |     2 |     3 |     5 |       |       |       ||    10
       Confused          |       |       |       |       |     8 |     8 |       |     3 |     2 ||    21
       Paralysed         |       |       |       |       |       |     4 |     4 |       |       ||     8
  Eat: Chunk             |       |     6 |    13 |    25 |    38 |    41 |    34 |    27 |    48 ||   232
       Ration            |       |       |       |     1 |     1 |     2 |     2 |     2 |    30 ||    38
Armor: Leather armour    |    11 |    12 |    16 |    84 |   117 |    40 |       |       |       ||   280
       Troll leather arm |       |       |    29 |       |       |       |       |       |       ||    29
       Plate armour      |       |       |       |       |       |   168 |     5 |       |       ||   173
       Crystal plate arm |       |       |       |       |       |       |   267 |   336 |  2451 ||  3054
       Fire dragon scale |       |       |       |       |       |       |     2 |       |       ||     2
Dodge: Dodged            |    39 |    59 |   172 |   380 |   880 |   819 |   368 |   490 |  4513 ||  7720
Block: Buckler           |       |       |       |       |       |    20 |   298 |   439 |   821 ||  1578
       Shield            |       |       |       |       |       |     8 |   104 |       |       ||   112
       Reflection        |       |       |       |       |       |       |    68 |    78 |    71 ||   217
       Rpst.: Long sword |    11 |    12 |    43 |    31 |     2 |       |       |       |       ||    99
       Scimitar          |       |       |       |    31 |       |       |       |       |       ||    31
       Demon blade       |       |       |       |    34 |   219 |    90 |       |     5 |   159 ||   507
       Double sword      |       |       |       |       |       |    47 |    71 |    74 |   109 ||   301
       Triple sword      |       |       |       |       |       |       |       |       |   670 ||   670
